 Dungeon Crawl Stone Soup version 0.31.0-32-g396128a36d (webtiles) character file.

Game seed: 12716956462965610114

1668 mainiacjoe the Frost Mage (level 9, -8/60 HPs)
             Began as an Octopode Ice Elementalist on Mar 30, 2024.
             Killed from afar by a steam dragon (20 damage)
             ... with a ball of steam
             ... on level 6 of the Dungeon.
             The game lasted 00:18:13 (4901 turns).

mainiacjoe the Frost Mage (OpIE)                    Turns: 4901, Time: 00:18:14

Health: -8/60      AC:  1    Str:  7    XL:     9   Next: 1%
Magic:  15/22      EV: 14    Int: 25    God:
Gold:   279        SH:  0    Dex: 12    Spells: 4/14 levels left

rFire   . . .        b - +0 orcbow
rCold   . . .        (shield currently unavailable)
rNeg    + . .        h - +0 hat of Privacy {MP+9}
rPois   .            n - amulet "Qogu" {Faith Int+3 Stlth+}
rElec   .            r - ring of positive energy
rCorr   .            (no ring)
SInv    .            (no ring)
Will    .....        (no ring)
Stlth   +++++        (no ring)
HPRegen 0.30/turn    (no ring)
MPRegen 0.18/turn    (no ring)
                     (no ring)

%: faith
@: no status effects
A: almost no armour, amphibious, 8 rings, camouflage 1, gelatinous body 1,
(nimble swimmer 1), tentacles
a: no special abilities


You were on level 6 of the Dungeon.
You visited 1 branch of the dungeon, and saw 6 of its levels.

You collected 340 gold pieces.
You spent 61 gold pieces at shops.

Inventory:

Hand Weapons
 a - the +4 trident of Cytzib {elec, rF- rC+ SInv Stlth+}
   (You found it on level 5 of the Dungeon)

   rF-:       It makes you vulnerable to fire.
   rC+:       It protects you from cold.
   SInv:      It lets you see invisible.
   Stlth+:    It makes you more stealthy.
 b - a +0 orcbow (weapon)
Missiles
 c - 54 stones
 d - 2 throwing nets {=F}
 g - 5 atropa-tipped darts {=F}
 j - 3 boomerangs
Armour
 h - the +0 hat of Privacy (worn) {MP+9}
   (You acquired it on level 2 of the Dungeon)

   MP+9:      It affects your magic capacity (+9).
Jewellery
 n - the amulet "Qogu" (around mantle) {Faith Int+3 Stlth+}
   (You acquired it on level 4 of the Dungeon)

   [amulet of faith]

   Faith:     It allows you to gain divine favour quickly.
   Int+3:     It affects your intelligence (+3).
   Stlth+:    It makes you more stealthy.
 r - a ring of positive energy (left tentacle)
Wands
 p - a wand of flame (15)
 v - a wand of acid (9)
 w - a wand of iceblast (13)
Scrolls
 e - 3 scrolls of teleportation
 k - a scroll of poison
 l - a scroll of torment
 s - 2 scrolls of fog
 t - a scroll of identify
 u - a scroll of silence
Potions
 f - 3 potions of might
 i - a potion of magic
 m - 2 potions of ambrosia
 o - 2 potions of brilliance
 q - a potion of attraction


   Skills:
 + Level 4.8 Fighting
 + Level 5.3 Dodging
 - Level 5.0 Stealth
 - Level 3.0 Spellcasting
 - Level 3.0 Summonings
 - Level 8.0 Ice Magic


You had 4 spell levels left.
You knew the following spells:

 Your Spells              Type           Power      Damage    Failure   Level
a - Freeze                Ice            100%       1d10      1%          1
b - Frozen Ramparts       Ice            86%        1d13      1%          3
c - Summon Ice Beast      Ice/Summ       31%        N/A       3%          3
d - Ozocubu's Armour      Ice            43%        N/A       1%          3

Your spell library contained the following spells:

 Spells                   Type           Power      Damage    Failure   Level
 Ensorcelled Hibernation  Hex/Ice        46%        N/A       3%          2
 Sandblast                Erth           6%         2d5       10%         1
 Fugue of the Fallen      Necr           3%         N/A       30%         3
 Passwall                 Erth           3%         N/A       30%         3
 Stone Arrow              Conj/Erth      6%         3d7       30%         3
 Anguish                  Hex/Necr       1%         N/A       69%         4
 Brom's Barrelling Bould  Conj/Erth      3%         2d3       69%         4
 Vhi's Electric Charge    Tloc/Air       6%         N/A       69%         4
 Arcjolt                  Conj/Air       1%         1d11      95%         5
 Maxwell's Capacitive Co  Air            1%         ∞         100%        8


Dungeon Overview and Level Annotations

Branches:
Dungeon (6/15)
 Temple: D:4-7

Altars:

Shops:
D:1 ?   D:4 **

Annotations:
D:2 f
D:5 exclusions: orc warrior and two-headed ogre, Sigmund


Innate Abilities, Weirdness & Mutations

You cannot wear most types of armour.
You are amphibious.
You can wear up to eight rings at the same time.
Your skin changes colour to match your surroundings (Stealth+).
Your rubbery body absorbs attacks. (AC +1, EV +1)
((You are camouflaged when in or above water. (Stealth+)))
You have tentacles for arms and can constrict up to eight enemies at once.


Message History

The water moccasin misses your ice beast.
You hit the ogre but do no damage. You squeeze the ogre.
The ogre is heavily wounded.
Your ice beast closely misses the water moccasin.
The water moccasin bites your ice beast but does no damage.
The wall freezes the ogre.
The ogre misses you.
You puncture the ogre!
You kill the ogre!
Your ice beast closely misses the water moccasin.
A ball of steam appears from out of your range of vision.
The ball of steam hits your ice beast!
The water moccasin barely misses your ice beast.
Your Dodging skill increases to level 5!
A steam dragon comes into view.
Your ice beast is engulfed in a cloud of scalding steam.
Your ice beast hits the water moccasin.
Your ice beast freezes the water moccasin!
The water moccasin seems to slow down.
The water moccasin dies!
You have reached level 9!
Your experience leads to an increase in your attributes!
Your base attributes are Str 7, Int 20, Dex 12.
Increase (S)trength, (I)ntelligence, or (D)exterity?
You feel clever. x2
Your ice beast is engulfed in a cloud of scalding steam.
Your ice beast dies!
Your ice beast disappears in a puff of smoke!
Your icy armour cracks and falls away as you move.
The frozen ramparts melt away as you move.
The +4 trident of Cytzib {elec, rF- rC+ SInv Stlth+} stops crackling.
b - a +0 orcbow (weapon)
The steam dragon breathes steam at you. The ball of steam hits you!!
* * * LOW HITPOINT WARNING * * *
You hear a shout!
You hear a bark!
An ogre comes into view. It is wielding a +0 giant club.
The steam dragon breathes steam at you. The ball of steam hits you!!
You die...

)......### #.###.
#..#.....####.....
..####...........##
..##
###..........##
...###. ....##..
..#### .......
###.##.# .....##
...####
#..#.##.....[. ..##
######..§.......O.
..#
#........§@######
#.#
#.###..###§.####
..# ##.# #.##
##D...######## .##
##..##..#
####......... .#
#..###.##
##.###.###
#####.##...# ##.#
.......>.## #).#
##.####### #......#
...# ..D....†.#


You could see a steam dragon (catching breath) and an ogre.

Vanquished Creatures
  A wraith (D:5)
  An ice beast (D:6)
  A black bear (D:4)
  An ogre (D:6)
  Blork the orc (D:5)
  A scorpion (D:6)
  A bombardier beetle (D:5)
  A hound (D:6)
  An orc priest (D:5)
  A jelly (D:3)
  Ijyb (D:4)
  An orc wizard (D:5)
  5 adders
  3 gnolls (D:2)
  A ribbon worm (D:2)
  2 dart slugs
  8 orcs
  9 endoplasms
  4 giant cockroaches
  10 goblins
  8 hobgoblins
  2 kobolds
  7 quokkas
  8 ball pythons
  6 bats
  2 frilled lizards
  6 rats
93 creatures vanquished.

Vanquished Creatures (collateral kills)
  Grinder (D:5)
  2 water moccasins (D:6)
  An ice beast (D:5)
  2 scorpions
  A hound (D:4)
  2 jellies
  A sleepcap (D:4)
  2 iguanas
  A white imp (D:4)
  An orc (D:3)
  A hobgoblin (D:4)
15 creatures vanquished.

Grand Total: 108 creatures vanquished

Notes
Turn   | Place    | Note
-------+----------+-------------------------------------------
     0 | D:1      | mainiacjoe the Octopode Ice Elementalist began the quest
                  | for the Orb.
     0 | D:1      | Reached XP level 1. HP: 11/11 MP: 3/3
   163 | D:1      | Reached XP level 2. HP: 17/17 MP: 1/5
   425 | D:1      | Found The Oracle's Delphic Readings.
   437 | D:1      | Bought a scroll of teleportation for 39 gold pieces
   515 | D:1      | Reached skill level 1 in Summonings
   604 | D:1      | Reached XP level 3. HP: 21/21 MP: 4/6
   608 | D:1      | Learned a level 3 spell: Frozen Ramparts
  1158 | D:2      | Reached XP level 4. HP: 5/27 MP: 0/7
  1213 | D:2      | Identified the +3 leather armour "Waes" {-Cast +Inv Str+5}
  1559 | D:2      | Identified the +1 leather armour of the Black Moon {+Blink
                  | rElec rC- Str+3}
  1623 | D:2      | Identified a scroll of acquirement
  1623 | D:2      | Acquired the +0 hat of Privacy {MP+9}
  1735 | D:2      | Reached skill level 5 in Ice Magic
  1985 | D:2      | Learned a level 3 spell: Summon Ice Beast
  2149 | D:3      | Reached XP level 5. HP: 30/31 MP: 8/8
  2623 | D:4      | Reached XP level 6. HP: 36/36 MP: 9/9
  2746 | D:4      | Noticed a black bear
  2752 | D:4      | Killed a black bear
  2753 | D:4      | Reached skill level 5 in Stealth
  2753 | D:4      | Reached skill level 6 in Ice Magic
  2757 | D:4      | Learned a level 3 spell: Ozocubu's Armour
  2816 | D:4      | Acquired the amulet "Qogu" {Faith Int+3 Stlth+}
  2852 | D:4      | Noticed Ijyb
  3078 | D:4      | Killed Ijyb
  3079 | D:4      | Reached XP level 7. HP: 34/41 MP: 11/11
  3150 | D:4      | Found Giguk's General Store.
  3152 | D:4      | Found Ifeuffo's Specific Store.
  3165 | D:4      | Bought a scroll of identify for 22 gold pieces
  3206 | D:5      | Entered Level 5 of the Dungeon
  3211 | D:5      | Noticed Grinder
  3292 | D:5      | Noticed a wraith
  3359 | D:5      | Noticed Blork the orc
  3365 | D:5      | Killed Blork the orc
  3474 | D:5      | Paralysed by Grinder for 3 turns
  3498 | D:5      | Paralysed by Grinder for 3 turns
  3512 | D:5      | Killed Grinder
  3513 | D:5      | Reached skill level 7 in Ice Magic
  3612 | D:5      | Identified the +4 trident of Cytzib {elec, rF- rC+ SInv
                  | Stlth+}
  3649 | D:5      | Reached skill level 8 in Ice Magic
  3734 | D:5      | Reached skill level 1 in Fighting
  3734 | D:5      | Reached XP level 8. HP: 48/48 MP: 12/12
  3783 | D:5      | Noticed a two-headed ogre
  3902 | D:5      | HP: 1/48 [wraith (8)]
  3904 | D:5      | Killed a wraith
  4213 | D:5      | Noticed Sigmund
  4889 | D:6      | Reached skill level 5 in Dodging
  4890 | D:6      | Reached XP level 9. HP: 33/60 MP: 13/13
  4901 | D:6      | Killed from afar by a steam dragon

Illustrated notes

Levels and vault maps discovered:
D:1:      eino_arrival_cavern_d, layout_loops_ring, nicolae_nh_oracle_at_delphi
D:2:      layout_basic, kennysheep_generic_room_15
D:3:      layout_basic
D:4:      layout_gridville, nicolae_specific_store, uniq_ijyb
D:5:      layout_cave_pools, guppyfry_early_orc_mine, uniq_blork_the_orc,
          uniq_sigmund, uniq_grinder
D:6:      layout_rooms, biasface_ghost_orc_armoury, nicolae_custom_books,
          minivault_26

Skill      XL: |  1  2  3  4  5  6  7  8 |
---------------+-------------------------+-----
Stealth        | 3 4 5 |  5.0
Summonings     | 1 2 3 |  3.0
Ice Magic      | 5 6 8 |  8.0
Spellcasting   | 3 |  3.0
Fighting       | 1 4 |  4.8
Dodging        | 5 |  5.3

Action                     |  1- 3 |  4- 6 |  7- 9 || total
---------------------------+-------+-------+-------++-------
  Melee: Short sword       |    15 |     9 |       ||    24
         Constrict         |     6 |     7 |     4 ||    17
         Tentacles         |     4 |     7 |     5 ||    16
         Rapier            |       |    19 |       ||    19
         Trident           |       |    20 |    22 ||    42
         Punch             |       |     1 |     1 ||     2
   Fire: Orcbow            |       |    15 |    72 ||    87
  Throw: Stone             |       |     1 |       ||     1
   Cast: Freeze            |    23 |    10 |    12 ||    45
         Frozen Ramparts   |     6 |    15 |     9 ||    30
         Summon Ice Beast  |       |     4 |    11 ||    15
         Ozocubu's Armour  |       |       |     4 ||     4
    Use: Scroll            |       |     6 |     5 ||    11
         Potion            |       |       |     1 ||     1
   Stab: Sleeping          |     1 |     7 |     1 ||     9
 Armour: Skin              |    13 |    16 |    31 ||    60
  Dodge: Dodged            |    18 |    27 |    36 ||    81
